 Dungeon Crawl Stone Soup version 0.20.0-15-g7f486f2 (webtiles) character file.

96 greprep the Grave Robber (level 4, -4/24 HPs)
             Began as a Deep Elf Necromancer on June 19, 2017.
             Slain by an orc wizard
             ... wielding a +0 dagger of speed
              (6 damage)
             ... on level 3 of the Dungeon.
             The game lasted 00:06:08 (3332 turns).

greprep the Grave Robber (Deep Elf Necromancer)     Turns: 3332, Time: 00:06:08

Health: -4/24      AC:  3    Str:  5    XL:     4   Next: 41%
Magic:  1/13       EV: 13    Int: 21    God:
Gold:   123        SH:  0    Dex: 15    Spells: 9/13 levels left

rFire    . . .     SeeInvis .   (no weapon)
rCold    . . .     Gourm    .   (no shield)
rNeg     . . .     Faith    .   a - +0 robe
rPois    .         Spirit   .   f - +0 helmet
rElec    .         Reflect  .   (no cloak)
rCorr    .         Harm     .   (no gloves)
MR       .....                  (no boots)
Stlth    ++........             (no amulet)
Regen    0.1/turn               (no ring)
MPRegen  0.2/turn               (no ring)

@: very slightly contaminated
A: no striking features
a: no special abilities


You were on level 3 of the Dungeon.
You were hungry.

You visited 1 branch of the dungeon, and saw 3 of its levels.

You collected 123 gold pieces.

Inventory:

Hand Weapons
 q - a cursed -1 hand axe
Armour
 a - a +0 robe (worn)
 f - a +0 helmet (worn)
Jewellery
 o - a +2 ring of intelligence {unknown}
Wands
 k - a wand of random effects (30/48)
Scrolls
 g - a scroll of enchant armour {unknown}
 i - 2 scrolls of identify {unknown}
 l - a scroll of teleportation {unknown}
 m - a scroll of amnesia {unknown}
 p - a scroll of remove curse {unknown}
Potions
 d - a potion of magic {unknown}
 e - a potion of curing {unknown}
 h - 2 potions of heal wounds {unknown}
 j - a potion of cancellation {unknown}
Books
 b - a book of Necromancy

   Spells                             Type                      Level
   a - Pain                           Necromancy                   1
   b - Animate Skeleton               Necromancy                   1
   c - Vampiric Draining              Necromancy                   3
   d - Regeneration                   Charms/Necromancy            3
   e - Animate Dead                   Necromancy                   4
   f - Control Undead                 Necromancy                   4
Comestibles
 c - 3 bread rations
 n - a royal jelly


   Skills:
 + Level 2.5 Dodging
 + Level 2.6 Stealth
 * Level 5.1 Spellcasting
 + Level 5.8 Necromancy


You had 9 spell levels left.
You knew the following spells:

 Your Spells              Type           Power        Failure   Level  Hunger
a - Pain                  Necr           ####         1%          1    None
b - Vampiric Draining     Necr           ####......   3%          3    ##.....


Dungeon Overview and Level Annotations

Branches:
Dungeon (3/15)

Altars:


Message History

The orc wizard flickers and vanishes!
Deactivating autopickup; reactivate with Ctrl-A.
The worm bites you!
The orc wizard hits you with a dagger of speed.
Things that are here:
a dagger; a chain mail The orc wizard gestures at you while chanting.
The magic dart hits you!
* * * LOW HITPOINT WARNING * * *
Casting: Pain
Confirm with . or Enter, or press ? or * to list all spells.
Aiming: Vampiric Draining
Press: ? - help, Shift-Dir - straight line, f - orc wizard
Aim: an orc wizard, wielding a dagger of speed and wearing a robe (fast)
You miscast Vampiric Draining.
You are very lightly contaminated with residual magic.
The world around you seems to dim momentarily.
The orc wizard hits you but does no damage.
The orc wizard hits you with a dagger of speed.
You die...

##.##### #............
###.[†...# #<...........
###...####.# #..........#
....######.#######..........#
....#.......................#
....#.######.....#..........#
......# ##.##...#...# ...####
#.####....## ...#
#.##@.....## ...#
#.†o.#.....# ...#
######o.###..##.# ...#
#.....w## #.## .## ####
##.##.#o.###.# ....
#..##.##.....#..#.#
#######.###.#........##[.
...[...oo..o..†.........#.
........###.#.#.#########


You could see a worm, 2 orc wizards and an orc.

Vanquished Creatures
  Terence (D:2)
  An adder (D:2)
  2 oozes (D:2)
  2 worms (D:2)
  A dart slug (D:1)
  3 orcs (D:3)
  7 bats
  3 giant cockroaches
  7 goblins
  5 hobgoblins
  2 jackals (D:1)
  3 frilled lizards
  A kobold (D:1)
  2 rats (D:2)
40 creatures vanquished.

Notes
Turn   | Place    | Note
-------+----------+-------------------------------------------
     0 | D:1      | greprep the Deep Elf Necromancer began the quest for the Orb.
     0 | D:1      | Reached XP level 1. HP: 10/10 MP: 6/6
   422 | D:1      | Reached skill level 5 in Necromancy
   920 | D:1      | Reached XP level 2. HP: 15/15 MP: 5/8
  1505 | D:2      | Noticed Terence
  1529 | D:2      | Killed Terence
  1529 | D:2      | Reached XP level 3. HP: 15/19 MP: 4/10
  2339 | D:2      | Reached XP level 4. HP: 23/24 MP: 9/12
  2344 | D:2      | Learned a level 3 spell: Vampiric Draining
  2690 | D:2      | Reached skill level 5 in Spellcasting
  3332 | D:3      | Slain by an orc wizard

Skill      XL: |  1  2  3  4 |
---------------+-------------+-----
Necromancy     | 5 |  5.8
Spellcasting   | 4 5 |  5.1
Dodging        | |  2.5
Stealth        | |  2.6

Action                   |  1- 3 |  4- 6 || total
-------------------------+-------+-------++-------
 Cast: Pain              |    54 |    34 ||    88
       Vampiric Draining |       |     3 ||     3
  Eat: Chunk             |     2 |       ||     2
       Bread ration      |     1 |       ||     1
Armor: Robe              |     4 |       ||     4
Dodge: Dodged            |    11 |     2 ||    13
